 Dungeon Crawl Stone Soup version 0.30-a0-972-gf3ab3527aa (webtiles) character file.

Game seed: 9484275174841761022

499 NinjaNoafa the Magician (level 6, -3/45 HPs)
             Began as a Draconian Conjurer on Mar 31, 2023.
             Was a Follower of Vehumet.
             Killed by divine providence
             ... invoked by an orc priest
              (14 damage)
             ... on level 4 of the Dungeon.
             The game lasted 00:06:40 (3645 turns).

NinjaNoafa the Magician (Draconian Conjurer)        Turns: 3645, Time: 00:06:41

Health: -3/45      AC:  6    Str:  9    XL:     6   Next: 94%
Magic:  1/15       EV: 12    Int: 20    God:    Vehumet [*.....]
Gold:   216        SH:  0    Dex: 10    Spells: 15/18 levels left

rFire   . . .      SeeInvis .    a - +0 short sword
rCold   + . .      Faith    .    (no shield)
rNeg    . . .      Spirit   .    (body armour unavailable)
rPois   .          Reflect  .    (helmet restricted)
rElec   .          Rampage  .    (no cloak)
rCorr   .                        (no gloves)
Will    .....                    (no boots)
Stlth   ++                       (no amulet)
HPRegen 0.27/turn                f - ring of protection from cold
MPRegen 0.14/turn                (no ring)

@: no status effects
A: AC +6, unfitting armour, cold-blooded
a: Renounce Religion


You were on level 4 of the Dungeon.
You worshipped Vehumet.
Vehumet was aware of your devotion.
You visited 1 branch of the dungeon, and saw 5 of its levels.

You collected 216 gold pieces.

Inventory:

Hand Weapons
 a - a +0 short sword (weapon)
Missiles
 l - 2 poisoned darts
 r - 3 boomerangs
Jewellery
 f - a ring of protection from cold (left hand)
 q - a ring of ice
 s - a ring of ice
Scrolls
 e - 3 scrolls of teleportation
 g - 2 scrolls of enchant armour {unknown}
 j - a scroll of fear {unknown}
 k - 2 scrolls of fog {unknown}
 o - a scroll of magic mapping {unknown}
 p - 4 scrolls of identify {unknown}
 t - a scroll of brand weapon {unknown}
Potions
 b - 2 potions of heal wounds {unknown}
 c - a potion of brilliance {unknown}
 d - a potion of mutation {unknown}
 h - 2 potions of curing {unknown}
 i - a potion of cancellation {unknown}
 m - a potion of attraction {unknown}
 n - 2 potions of might {unknown}


   Skills:
 - Level 1.7 Dodging
 - Level 1.7 Stealth
 + Level 6.7 Spellcasting
 - Level 4.5 Conjurations


You had 15 spell levels left.
You knew the following spells:

 Your Spells              Type           Power      Damage    Failure   Level
a - Magic Dart            Conj           96%        1d7       1%          1
b - Searing Ray           Conj           48%        2d6       2%          2

Your spell library contained the following spells:

 Spells                   Type           Power      Damage    Failure   Level
 Momentum Strike          Conj/Tloc      30%        3d8       6%          2
 Sandblast                Erth           12%        2d6       10%         1
 Sting                    Tmut/Pois      24%        1d4       10%         1
 Dazzling Flash           Conj/Hex       30%        N/A       12%         3
 Stone Arrow              Conj/Erth      30%        3d8       12%         3
 Call Imp                 Summ           6%         N/A       14%         2
 Passwall                 Tmut/Erth      5%         N/A       14%         2
 Mephitic Cloud           Conj/Pois/Air  12%        N/A       16%         3
 Ignite Poison            Fire/Tmut/Pois 6%         N/A       28%         3
 Kindle Blastsparks       Fire/Tloc/Air  12%        2d11      28%         3
 Fulminant Prism          Conj/Hex       7%         3d7       36%         4
 Iskenderun's Mystic Bla  Conj/Tloc      15%        2d5       36%         4
 Freezing Cloud           Conj/Ice/Air   6%         6-21      82%         5


Dungeon Overview and Level Annotations

Branches:
Dungeon (5/15)
 Temple: D:4-7

Altars:
Gozag
Vehumet

Shops:
D:1 [   D:2 *   D:3 *

Annotations:
D:5 Eustachio


Innate Abilities, Weirdness & Mutations

Your plain brown scales are hard. (AC +6)
You cannot fit into any form of body armour.
You are cold-blooded and may be slowed by cold attacks.


Message History

The orc priest attacks as you move away!
The orc priest misses you.
Casting: Searing Ray (safe; 2% risk of failure)
Confirm with . or Enter, or press ? or * to list all spells.
Aiming: Searing Ray (safe; 2% risk of failure)
Press: ? - help, Shift-Dir - straight line, f - orc priest
Aim: an orc priest, wielding a +0 club and wearing a +0 chain mail (85% to hit)
The searing ray misses the orc priest. (Press . to maintain the ray.)
The orc priest misses you.
The searing ray hits the orc priest.
The orc priest is lightly wounded.
The orc priest looks braver for a moment.
The searing ray hits the orc priest.
The orc priest is lightly wounded.
The orc priest hits you but does no damage.
You hit the orc priest but do no damage.
The orc priest is lightly wounded.
The orc priest hits you but does no damage.
You hit the orc priest but do no damage.
The orc priest is lightly wounded.
The orc priest mumbles some strange prayers to Beogh against you.
Beogh smites you!
* * * LOW HITPOINT WARNING * * *
You hit the orc priest but do no damage.
The orc priest is lightly wounded.
The orc priest hits you but does no damage.
You hit the orc priest.
The orc priest is heavily wounded.
The orc priest hits you but does no damage.
You barely miss the orc priest.
You punch the orc priest, but do no damage.
The orc priest is heavily wounded.
The orc priest hits you with a +0 club.
* * * LOW HITPOINT WARNING * * *
You hit the orc priest but do no damage.
The orc priest is heavily wounded.
The orc priest invokes the aid of Beogh against you.
Beogh smites you!
You die...

....######)#.###..# #.....#<...
#..........#.##..## #.....#....
#...######.......# ###########
#...# #....#[.######## #####
###............##### .########
#....#.#####.....#####
........####..###..# #####...#..
###...........####.##########.#..
#.....####...o@.......>........
#########.....######..#########..
..........##.########.#########..
######..))รท............#.......##
##....)##......#####...#.......#
...######......# #####.......#
#### #......# #.......# #
#......#########.......#
#......................#


You could see an orc priest.

Vanquished Creatures
  A black bear (D:4)
  A scorpion (D:4)
  2 orc priests (D:3)
  An iguana (D:4)
  2 orc wizards (D:3)
  3 gnolls
  4 adders
  An ufetubus (D:4)
  3 worms
  3 dart slugs (D:2)
  25 orcs
  12 endoplasms
  4 giant cockroaches
  5 goblins
  7 hobgoblins
  3 jackals (D:3)
  5 kobolds
  3 quokkas
  9 ball pythons
  7 bats
  3 frilled lizards
  5 rats
109 creatures vanquished.

Vanquished Creatures (others)
  16 plants (D:3)
16 creatures vanquished.

Grand Total: 125 creatures vanquished

Notes
Turn   | Place    | Note
-------+----------+-------------------------------------------
     0 | D:1      | NinjaNoafa the Draconian Conjurer began the quest for the
                  | Orb.
     0 | D:1      | Reached XP level 1. HP: 14/14 MP: 3/3
   155 | D:1      | Reached XP level 2. HP: 12/20 MP: 0/5
   158 | D:1      | Learned a level 2 spell: Searing Ray
   199 | D:1      | Found Ysyopt's Armour Emporium.
   732 | D:2      | Reached XP level 3. HP: 23/26 MP: 0/7
   933 | D:2      | Reached skill level 3 in Spellcasting
  1025 | D:2      | Found Zipruus's Assorted Antiques.
  1292 | D:2      | Reached XP level 4. HP: 31/33 MP: 0/9
  1903 | D:3      | Found a faded altar of an unknown god.
  1907 | D:3      | Got Plato's Atlas of Putrescence
  2106 | D:3      | Found a radiant altar of Vehumet.
  2118 | D:3      | Became a worshipper of Vehumet
  2169 | D:3      | Found an opulent altar of Gozag.
  2171 | D:3      | Found Gozag's Platinum Reserve.
  2201 | D:3      | Reached skill level 4 in Spellcasting
  2228 | D:3      | Reached XP level 5. HP: 8/38 MP: 0/11
  2449 | D:3      | Reached skill level 5 in Spellcasting
  3050 | D:4      | Reached * piety under Vehumet
  3050 | D:4      | Offered knowledge of Foxfire by Vehumet.
  3135 | D:4      | Reached XP level 6. HP: 44/45 MP: 11/14
  3260 | D:4      | Reached skill level 6 in Spellcasting
  3566 | D:5      | Entered Level 5 of the Dungeon
  3569 | D:5      | Noticed Eustachio
  3625 | D:4      | Offered knowledge of Momentum Strike by Vehumet.
  3645 | D:4      | Killed from afar by an orc priest

Illustrated notes

Levels and vault maps discovered:
D:1:      arrival_zaba_pyramid, layout_loops_ring, serial_shops, shop, hex_tiny,
          chequers_serial_rivers_room_b
D:2:      layout_basic, serial_shops, shop
D:3:      layout_basic, nicolae_gozag_zags_fifth_avenue,
          mainiacjoe_overflow_paths, shapermc_ecumenical_altar_rom_forum,
          serial_bayou, serial_bayou_lagoon_b, serial_bayou_pond_b,
          serial_bayou_pond_e, serial_bayou_ford_a
D:4:      layout_rooms
D:5:      layout_rooms, tso_oasis_becter, serial_co_window_serial,
          co_window_paths_a, co_window_paths_a, co_window_paths_a,
          co_window_corner_a, co_window_corner_a, co_window_broadway_a,
          co_window_broadway_c, co_window_broadway_c, co_window_sun,
          co_window_4corner_a, glass_columns_a, st_stairs_7, uniq_eustachio

Skill      XL: |  1  2  3  4  5  6 |
---------------+-------------------+-----
Spellcasting   | 3 4 5 6 |  6.7
Dodging        | |  1.7
Stealth        | |  1.7
Conjurations   | |  4.5

Action                     |  1- 3 |  4- 6 || total
---------------------------+-------+-------++-------
  Melee: Unarmed           |     4 |       ||     4
         Dagger            |     6 |       ||     6
         Tailslap          |     6 |     3 ||     9
         Short sword       |    17 |    19 ||    36
         Punch             |       |     1 ||     1
   Cast: Magic Dart        |    60 |    36 ||    96
         Searing Ray       |     8 |    43 ||    51
    Use: Scroll            |       |     1 ||     1
         Potion            |       |     1 ||     1
 Armour: Skin              |    19 |    33 ||    52
  Dodge: Dodged            |    57 |    53 ||   110

Table legend: (Time is in decaauts)
 A = Elapsed time spent in this place.
 B = Non-inter-level travel time spent in this place.
 C = Inter-level travel time spent in this place.
 D = Time resting spent in this place.
 E = Time spent auto-exploring this place.
 F = Levels seen in this place.
 G = Mean time per level.
                   A        B        C        D        E       F      G
               +--------+--------+--------+--------+--------+-----+--------+
         Total |   3683 |   3391 |    292 |      0 |   2531 |   5 |  736.6 |
       Dungeon |   3683 |   3391 |    292 |      0 |   2531 |   5 |  736.6 |
               +--------+--------+--------+--------+--------+-----+--------+

Top non-repeatable levels by time:
     D:3: 1177 daAuts
     D:2: 1094 daAuts
     D:1: 806 daAuts
     D:4: 582 daAuts
     D:5: 22 daAuts
